 Dungeon Crawl Stone Soup version 0.22.0-18-ge075c0d (webtiles) character file.

13 Lew the Skirmisher (level 2, -2/21 HPs)
             Began as a Demonspawn Abyssal Knight on Aug 18, 2018.
             Was an Initiate of Lugonu.
             Slain by a hobgoblin
             ... wielding a +0 club
              (4 damage)
             ... on level 1 of the Dungeon.
             The game lasted 00:02:41 (944 turns).

Lew the Skirmisher (Demonspawn Abyssal Knight)       Turns: 944, Time: 00:02:41

Health: -2/21      AC:  3    Str: 15    XL:     2   Next: 24%
Magic:  4/4        EV: 12    Int: 13    God:    Lugonu [......]
Gold:   30         SH:  0    Dex: 14    Spells: 1/1 levels left

rFire    . . .     SeeInvis .   j - -3 dagger (curse)
rCold    . . .     Gourm    .   (no shield)
rNeg     . . .     Faith    .   i - +0 robe of Hangman {Str+3} (curse)
rPois    .         Spirit   .   (no helmet)
rElec    .         Reflect  .   (no cloak)
rCorr    .         Harm     .   h - +0 pair of gloves
MR       .....                  (no boots)
Stlth    +.........             (no amulet)
HPRegen  0.07/turn              (no ring)
MPRegen  0.09/turn              (no ring)

@: no status effects
A: hooves 1, agile 1, frail 1
a: Renounce Religion


You were on level 1 of the Dungeon.
You worshipped Lugonu.
Lugonu was noncommittal.
You were not hungry.

You visited 1 branch of the dungeon, and saw 1 of its levels.
You visited the Abyss 1 time.

You collected 30 gold pieces.

Inventory:

Hand Weapons
 a - a +1 falchion
 j - a cursed -3 dagger (weapon)
Armour
 b - a +0 leather armour
 g - the +5 scale mail "Baosufakh" {-Cast rElec Int+7 Stlth+}
   (You found it on level 2 of the Abyss)

   It affects your intelligence (+7).
   It insulates you from electricity.
   It prevents spellcasting.
   It makes you more stealthy.
 h - a +0 pair of gloves (worn)
 i - the cursed +0 robe of Hangman (worn) {Str+3}
   (You found it on level 2 of the Abyss)

   It affects your strength (+3).
   It has a curse placed upon it.
Potions
 d - a potion of ambrosia
 e - a potion of curing
Comestibles
 c - 2 rations


   Skills:
 + Level 3.1 Fighting
 + Level 2.0 Long Blades
 + Level 2.0 Armour
 + Level 1.1 Dodging
 + Level 2.7 Invocations


You had one spell level left.
You didn't know any spells.
Your spell library was empty.

Dungeon Overview and Level Annotations

Branches:
Dungeon (1/15)

Altars:


Innate Abilities, Weirdness & Mutations

You have large cloven feet.
You are agile. (Dex +2)
You are frail. (-10% HP)


Message History

The hobgoblin is lightly wounded.
The hobgoblin hits you with a club.
You hit the hobgoblin but do no damage. Your kick misses the hobgoblin.
The hobgoblin is lightly wounded.
The hobgoblin hits you with a club.
You barely miss the hobgoblin.
You kick the hobgoblin, but do no damage.
The hobgoblin is lightly wounded.
You hit the hobgoblin.
You kick the hobgoblin, but do no damage.
The hobgoblin is moderately wounded.
The hobgoblin hits you with a club.
You hit the hobgoblin.
The hobgoblin is severely wounded.
The hobgoblin hits you with a club.
* * * LOW HITPOINT WARNING * * *
You hit the hobgoblin.
The hobgoblin is almost dead.
The hobgoblin hits you with a club.
You die...

..........###.###.##.#...
..........# #........#...
..........# #.###.#..#...
.........## #.# #.#..#...
.........# ... .........
.........# #... .........
.........# .... .........
#########.#.#..#..≈§§...#.
.......rg@#.#.. §≈§.....
(.......### §§§≈...
........# §§≈≈≈≈§
........# .≈§≈≈≈≈
........# ..≈§≈≈≈
......... ..≈§§..
........# ..≈≈...
........# ≈≈§≈...
........# ≈≈≈§≈..


You could see a hobgoblin and a rat.

Vanquished Creatures
  2 leopard geckos (D:1)
  A goblin (D:1)
  3 hobgoblins (D:1)
  3 bats (D:1)
  A frilled lizard (D:1)
10 creatures vanquished.

Notes
Turn   | Place    | Note
-------+----------+-------------------------------------------
     0 | Abyss:1  | Lew the Demonspawn Abyssal Knight began the quest for the Orb.
     0 | Abyss:1  | Reached XP level 1. HP: 18/18 MP: 2/2
    46 | Abyss:2  | Got a twisted scale mail
    57 | Abyss:2  | Identified the +5 scale mail "Baosufakh" {-Cast rElec Int+7 Stlth+} (You found it on level 2 of the Abyss)
    79 | Abyss:2  | Noticed an iron imp
    82 | Abyss:2  | Got a silken robe
    85 | D:1      | Escaped the Abyss
   100 | D:1      | Identified the cursed +0 robe of Hangman {Str+3} (You found it on level 2 of the Abyss)
   125 | D:1      | Reached skill level 1 in Dodging
   679 | D:1      | Gained mutation: You are frail. (-10% HP) [potion of mutation]
   679 | D:1      | Gained mutation: You are agile. (Dex +2) [potion of mutation]
   721 | D:1      | Gained mutation: You have large cloven feet. [demonic ancestry]
   721 | D:1      | Reached XP level 2. HP: 7/21 MP: 4/4
   944 | D:1      | Slain by a hobgoblin

Skill      XL: |  1  2 |
---------------+-------+-----
Dodging        | 1 |  1.1
Long Blades    | 2 |  2.0
Armour         | 2 |  2.0
Fighting       | |  3.1
Invocations    | |  2.7

Action                   || total
-------------------------++-------
Melee: Dagger            ||    64
       Falchion          ||    10
       Kick              ||     5
Invok: Depart the Abyss  ||     1
  Use: Potion            ||     5
       Scroll            ||     1
Armor: Robe              ||    23
Dodge: Dodged            ||    60
       Rpst.: Falchion   ||     2
